 Dungeon Crawl Stone Soup version 0.28.0-53-g5a82cb258f (webtiles) character file.

Game seed: 1322572049834950692

70 Sin92 the Skirmisher (level 4, -2/35 HPs)
             Began as a Demonspawn Fighter on Aug 2, 2022.
             Slain by Grinder (4 damage)
             ... on level 3 of the Dungeon.
             The game lasted 00:01:58 (2258 turns).

Sin92 the Skirmisher (Demonspawn Fighter)           Turns: 2258, Time: 00:01:58

Health: -2/35      AC:  6    Str: 16 (19) XL:     4   Next: 4%
Magic:  4/4        EV:  8    Int:  6 (9)  God:
Gold:   113        SH:  8    Dex: 10 (12) Spells: 3/3 levels left

rFire   . . .      SeeInvis .   a - +0 war axe
rCold   . . .      Faith    .   c - +0 buckler
rNeg    . . .      Spirit   .   b - +0 scale mail
rPois   +          Reflect  .   (no helmet)
rElec   .          Harm     .   (no cloak)
rCorr   .          Rampage  .   (no gloves)
Will    .....                   (no boots)
Stlth   ..........              (no amulet)
HPRegen 0.11/turn               j - ring of poison resistance
MPRegen 0.09/turn               (no ring)

@: silenced
A: large bone plates 1
a: no special abilities


You were on level 3 of the Dungeon.
You visited 1 branch of the dungeon, and saw 3 of its levels.

You collected 113 gold pieces.

Inventory:

Hand Weapons
 a - a +0 war axe (weapon)
Missiles
 k - 2 javelins (quivered)
Armour
 b - a +0 scale mail (worn)
 c - a +0 buckler (worn)
Jewellery
 j - a ring of poison resistance (left hand)
 l - a +6 ring of intelligence
 m - a ring of flight
 n - an amulet of faith
Scrolls
 s - a scroll of fear
Potions
 d - 2 potions of might
 h - a potion of haste


   Skills:
 + Level 3.4 Fighting
 * Level 2.8 Axes
 + Level 3.1 Armour
 + Level 3.1 Shields


You had 3 spell levels left.
You didn't know any spells.
Your spell library was empty.

Dungeon Overview and Level Annotations

Branches:
Dungeon (3/15)

Altars:
Hepliaklqana

Annotations:
D:3 Grinder


Innate Abilities, Weirdness & Mutations

You are partially covered in large bone plates. (SH +4)


Message History

You flicker for a moment.
You start resting.
You flicker back into view.
You start resting.
You feel a little less mighty now.
You start resting.
You start to feel less resistant.
You start resting.
Your resistance to elements expires.
You start resting.
Grinder is nearby!
Grinder is nearby!
Grinder is nearby!
Grinder is nearby!
As you read the scroll labelled GAKEYMUMIO, it crumbles to dust.
It is a scroll of amnesia.
You feel forgetful for a moment.
Grinder shouts!
As you read the scroll labelled LYODDE ZAISMAX, it crumbles to dust.
It is a scroll of identify.
s - a scroll of fear Grinder gestures at you.
You suddenly lose the ability to move!
You can move again.
As you read the scroll labelled ZAOFACS MYISORHIL, it crumbles to dust.
A profound silence engulfs you.
It was a scroll of silence.
You block Grinder's attack.
You slash Grinder!
Grinder is heavily wounded.
Grinder hits you but does no damage.
You closely miss Grinder.
Grinder is heavily wounded.
Grinder hits you.
* * * LOW HITPOINT WARNING * * *
You writhe in agony.
* * * LOW HITPOINT WARNING * * *
Grinder hits you.
* * * LOW HITPOINT WARNING * * *
You writhe in agony.
You die...

#........#.....#...[........#
#.#########.........###.###.# #.#
##.######.# #.# #.# ####.#####
#.# #.# #.# #.# ...5...).# #.#
#.# #.# #.# 5###.###.# ##+## #.#
#.# #.# .# #.# #.# ##...## #.#
#># #.# .###.###.# ##.....##
#.###.###.#
.##...##.###...5@..###.........#
.##....#.##.........####...######
.##.......'.........+............
.........##...>.....####....#####
###.#.######.(.....## ##.#.#
#.### ##.....## ###.# #.# ##...##
#.# #.# ##'## #.# #.# #.# #.#


You could see Grinder (unsilenced).

Vanquished Creatures
  2 adders (D:2)
  2 dart slugs
  An orc (D:3)
  5 ball pythons
  2 endoplasms (D:1)
  2 giant cockroaches (D:1)
  3 goblins (D:1)
  5 hobgoblins
  2 jackals (D:3)
  5 quokkas
  A bat (D:1)
  7 frilled lizards
  3 kobolds
  4 rats
44 creatures vanquished.

Notes
Turn   | Place    | Note
-------+----------+-------------------------------------------
     0 | D:1      | Sin92 the Demonspawn Fighter began the quest for the Orb.
     0 | D:1      | Reached XP level 1. HP: 18/18 MP: 1/1
   354 | D:1      | Gained mutation: You are partially covered in large bone
                  | plates. (SH +4) [demonic ancestry]
   354 | D:1      | Reached XP level 2. HP: 22/24 MP: 2/2
   441 | D:1      | Found a faded altar of an unknown god.
   929 | D:1      | Reached XP level 3. HP: 29/29 MP: 3/3
  1308 | D:2      | Found a hazy altar of Hepliaklqana.
  2008 | D:3      | Reached XP level 4. HP: 35/35 MP: 4/4
  2097 | D:3      | Noticed Grinder
  2100 | D:3      | Paralysed by Grinder for 5 turns
  2117 | D:3      | HP: 1/35 [Grinder/nerve-wracking pain (10)]
  2252 | D:3      | Paralysed by Grinder for 2 turns
  2258 | D:3      | Slain by Grinder

Illustrated notes

Levels and vault maps discovered:
D:1:      evilmike_arrival_rings, layout_loops_corners,
          dreamdust_ecumenical_altar_grove, minmay_tetromino_i4
D:2:      layout_rooms, basic_altar, minmay_unequal
D:3:      layout_loops_corners, gammafunk_ghost_split, uniq_grinder

Skill      XL: |  1  2  3 |
---------------+----------+-----
Axes           | 2 |  2.8
Shields        | 3 |  3.1
Armour         | 3 |  3.1
Fighting       | |  3.4

Action                   |  1- 3 |  4- 6 || total
-------------------------+-------+-------++-------
Melee: War axe           |    97 |     9 ||   106
  Use: Scroll            |       |     5 ||     5
       Potion            |       |     5 ||     5
Armor: Scale mail        |    37 |     3 ||    40
Dodge: Dodged            |    29 |     3 ||    32
Block: Buckler           |    34 |     3 ||    37
